 Dungeon Crawl Stone Soup version 0.30-b1-2-g02819fbbbe (webtiles) character file.

Game seed: 15974864967080685944

28 diana the Ducker (level 2, 0/23 HPs)
             Began as a Demonspawn Gladiator on June 11, 2023.
             Succumbed to an adder's poison
             ... on level 2 of the Dungeon.
             The game lasted 00:01:08 (1017 turns).

diana the Ducker (Demonspawn Gladiator)             Turns: 1017, Time: 00:01:09

Health: 0/23       AC:  4    Str: 14    XL:     2   Next: 96%
Magic:  2/2        EV: 12    Int:  9    God:
Gold:   89         SH:  0    Dex: 14    Spells: 1/1 levels left

rFire   . . .        a - +0 quarterstaff
rCold   . . .        (shield currently unavailable)
rNeg    . . .        b - +0 leather armour
rPois   .            c - +0 helmet
rElec   .            (no cloak)
rCorr   .            (no gloves)
SInv    .            (no boots)
Will    .....        (no amulet)
Stlth   +            (no ring)
HPRegen 0.23/turn    (no ring)
MPRegen 0.08/turn

%: no passive effects
@: lethally poisoned (0 -> -10), hasted, very quick
A: claws 1
a: no special abilities


You were on level 2 of the Dungeon.
You visited 1 branch of the dungeon, and saw 2 of its levels.

You collected 89 gold pieces.

Inventory:

Hand Weapons
 a - a +0 quarterstaff (weapon)
Missiles
 d - 3 throwing nets (quivered)
 e - a javelin
Armour
 b - a +0 leather armour (worn)
 c - a +0 helmet (worn)
Scrolls
 g - 3 scrolls of identify {unknown}
 h - a scroll of fog {unknown}
 i - a scroll of immolation {unknown}
Potions
 j - a potion of ambrosia {unknown}
 k - 2 potions of invisibility {unknown}


   Skills:
 + Level 2.5 Fighting
 + Level 3.1 Staves
 - Level 1.7 Throwing
 + Level 3.1 Dodging


You had one spell level left.
You didn't know any spells.
Your spell library contained the following spells:

 Spells                   Type           Power      Damage    Failure   Level
 Slow                     Hex            0%         N/A       45%         1
 Confusing Touch          Hex            0%         N/A       83%         3
 Vampiric Draining        Necr           0%         2d6       83%         3


Dungeon Overview and Level Annotations

Branches:
Dungeon (2/15)

Altars:

Shops:
D:2 [


Innate Abilities, Weirdness & Mutations

You have sharp fingernails.


Message History

The jackal closely misses you.
The giant cockroach waves its antennae.
The giant cockroach closely misses you.
The jackal bites you but does no damage.
The adder bites you.
You are poisoned.
The adder poisons you!
You closely miss the adder.
You feel sick. The giant cockroach barely misses you. The jackal bites you.
The adder bites you but does no damage. The giant cockroach bites you.
The jackal barely misses you.
You barely miss the adder.
You feel sick. The adder completely misses you. The jackal barely misses you.
The giant cockroach bites you but does no damage.
The adder misses you.
You closely miss the adder.
You feel sick.
You are no longer poisoned.
The jackal bites you but does no damage.
The giant cockroach bites you but does no damage.
The adder bites you.
The jackal bites you but does no damage.
The giant cockroach bites you but does no damage.
You thump the giant cockroach!
You kill the giant cockroach!
The jackal bites you but does no damage.
The adder misses you. The adder bites you.
You are poisoned.
The adder poisons you!
The jackal bites you but does no damage.
Unknown command.
You feel sick.
You see here a giant cockroach corpse.
You thump the jackal!
You kill the jackal!
You feel sick. The adder bites you.
* * * LOW HITPOINT WARNING * * *
You are more poisoned.
The adder poisons you!
It was a potion of haste.
You feel yourself speed up.
You die...

.# .#. .# .>. .#
... .# #.# .#
#.# .###### #
#(# ......#
#.#.# # .#.##.#
#.#†###.#
.#.##.# #...S@.#
.#.##.#
###.###.#
.#.##.# #.# #
<#.##.########.#
.#.##.##.......#
.........#######
.#.##.####
.#<##.#####.#
............#


You could see an adder.

Vanquished Creatures
  An adder (D:2)
  3 endoplasms (D:2)
  A giant cockroach (D:2)
  2 hobgoblins (D:1)
  2 jackals (D:2)
  A quokka (D:1)
  5 ball pythons
  A bat (D:1)
  A kobold (D:1)
17 creatures vanquished.

Vanquished Creatures (others)
  A plant (D:1)
1 creature vanquished.

Grand Total: 18 creatures vanquished

Notes
Turn   | Place    | Note
-------+----------+-------------------------------------------
     0 | D:1      | diana the Demonspawn Gladiator began the quest for the Orb.
     0 | D:1      | Reached XP level 1. HP: 16/16 MP: 1/1
   494 | D:1      | Gained mutation: You have sharp fingernails. [demonic
                  | ancestry]
   494 | D:1      | Reached XP level 2. HP: 22/22 MP: 2/2
   911 | D:2      | Found Mynoyt's Armour Emporium.
  1017 | D:2      | Succumbed to an adder's poison

Illustrated notes

Levels and vault maps discovered:
D:1:      lightli_arrival_isolated_outpost, layout_loops_ring, serial_forest,
          infiniplex_forest_diagonal, infiniplex_forest_lined_room_2,
          infiniplex_forest_clump_small, infiniplex_forest_clump_small,
          infiniplex_forest_join, infiniplex_forest_clump_small,
          infiniplex_forest_lined_3
D:2:      layout_loops_ring, serial_shops, shop, serial_bayou_ford_a

Skill      XL: |  1  2 |
---------------+-------+-----
Staves         | 3 |  3.1
Dodging        | 3 |  3.1
Fighting       | |  2.5
Throwing       | |  1.7

Action                     || total
---------------------------++-------
  Melee: Quarterstaff      ||    71
    Use: Potion            ||     1
 Armour: Leather armour    ||    30
  Dodge: Dodged            ||    60
